 Dungeon Crawl Stone Soup version 0.18.1-47-g9310371 (webtiles) character file.

1619 matakusis the Covert (level 8, 0/46 HPs)
             Began as a Vampire Enchanter on June 14, 2016.
             Was a Priest of Dithmenos.
             Slain by Menkaure (17 damage)
             ... on level 7 of the Dungeon.
             The game lasted 00:29:40 (6257 turns).

matakusis the Covert (Vampire Enchanter)            Turns: 6257, Time: 00:29:40

Health: 0/46       AC: 14    Str: 17    XL:     8   Next: 64%
Magic:  12/15      EV: 14    Int: 17    God:    Dithmenos [***...]
Gold:   356        SH:  5    Dex: 17    Spells: 4 memorised, 6 levels left

rFire  . . .     SeeInvis +     p - +0 dagger (elec)
rCold  + + .     Gourm    .     b - +2 robe
rNeg   + + .     Faith    .     (no shield)
rPois  +         Spirit   .     (no helmet)
rElec  .         Dismiss  .     A - +0 cloak
rCorr  .         Reflect  +     w - +0 pair of gloves
SustAt .         Harm     .     (no boots)
MR     .....                    g - +3 amulet of reflection
Stlth  +++++++++.               e - +6 ring of protection
                                B - ring of Altruism {*Contam rPois Str+6 Stlth+}

@: regenerating slowly, wreathed by umbra, not resistant to hostile
enchantments, incredibly stealthy
A: fangs 3, large bone plates 1, see invisible, cold resistance 1, frail 1,
screaming 1, strong 2, wild magic 1, unbreathing
a: Bat Form, Shadow Step, Renounce Religion


You were on level 7 of the Dungeon.
You worshipped Dithmenos.
Dithmenos was most pleased with you.
You were very thirsty.

You visited 2 branches of the dungeon, and saw 8 of its levels.
You also visited: Ossuary.

You collected 356 gold pieces.

Inventory:

Hand Weapons
 a - a +1 dagger
 p - a +0 dagger of electrocution (weapon)
Armour
 b - a +2 robe (worn)
 w - a +0 pair of gloves (worn)
 A - a +0 cloak (worn)
Jewellery
 e - a +6 ring of protection (right hand)
 f - an uncursed ring of fire
 g - a +3 amulet of reflection (around neck)
 r - an uncursed ring of ice
 B - the ring of Altruism (left hand) {*Contam rPois Str+6 Stlth+}
   (You found it on level 6 of the Dungeon)

   [ring of stealth]

   It affects your strength (+6).
   It protects you from poison.
   It causes magical contamination when unequipped.
   It makes you more stealthy.
Wands
 y - a wand of hasting (1/9)
Scrolls
 j - 2 scrolls of teleportation
 n - 3 scrolls of remove curse
 q - a scroll of recharging
 u - a scroll of amnesia
 z - a scroll of identify
Potions
 d - 15 potions of blood
 i - 2 potions of flight
 k - 3 potions of curing
 l - 2 potions of agility
 m - a potion of cure mutation
 o - 2 potions of haste
 s - a potion of might
 t - 2 potions of berserk rage
 v - a potion of lignification
 x - a potion of invisibility
Books
 c - a book of Maledictions

   Spells                             Type                      Level
   a - Corona                         Hexes                        1
   b - Ensorcelled Hibernation        Hexes/Ice                    2
   c - Confuse                        Hexes                        3
   d - Tukima's Dance                 Hexes                        3
   e - Dazzling Spray                 Conjuration/Hexes            3
 h - a book of Spatial Translocations

   Spells                             Type                      Level
   a - Apportation                    Translocation                1
   b - Blink                          Translocation                2
   c - Shroud of Golubria             Charms/Translocation         2
   d - Portal Projectile              Translocation                3
   e - Teleport Other                 Translocation                3
   f - Passage of Golubria            Translocation                4


   Skills:
 + Level 2.4 Short Blades
 + Level 3.8 Dodging
 * Level 12.8 Stealth
 + Level 4.8 Spellcasting
 + Level 7.5 Hexes


You had 6 spell levels left.
You knew the following spells:

 Your Spells              Type           Power        Failure   Level  Hunger
a - Corona                Hex            #####..      1%          1    None
b - Confuse               Hex            #####...     3%          3    ###....
c - Tukima's Dance        Hex            #####...     3%          3    ###....
d - Dazzling Spray        Conj/Hex       ###...       17%         3    ###....


Dungeon Overview and Level Annotations

Branches:
Dungeon (7/15)             Temple (1/1) D:6

Altars:
Ashenzari
Dithmenos
Elyvilon
Gozag
Nemelex Xobeh
Okawaru
Pakellas
Qazlal
Sif Muna
Trog
Vehumet
Xom
Yredelemnul
Zin
The Shining One

Shops:
D:6 }

Annotations:
D:7 Menkaure


Innate Abilities, Weirdness & Mutations

You heal slowly.
You have razor-sharp teeth.
You have supernaturally acute eyesight.
You can survive without breathing.
You are partially covered in large bone plates (AC +2, SH +2).
Your flesh is cold resistant.
You are frail (-10% HP).
You occasionally shout uncontrollably at your foes.
Your muscles are very strong. (Str +4)
Your spells are a little harder to cast, but a little more powerful.


Message History

You hit the giant frog.
The giant frog is almost dead.
The giant frog hits you but does no damage.
You barely miss the giant frog.
The giant frog is almost dead.
The giant frog misses you.
You barely miss the giant frog.
The giant frog is almost dead.
The giant frog hits you.
The giant frog hits you but does no damage.
You hit the giant frog.
There is a sudden explosion of sparks!
You kill the giant frog!
Dithmenos accepts your kill.
Casting: Confuse
Confirm with . or Enter, or press ? or * to list all spells.
Aiming: Confuse
Press: ? - help, Shift-Dir - straight line, f - Menkaure
Aim: Menkaure (umbra, chance to defeat MR: 66%) Menkaure struggles to resist.
Menkaure hits you!
You die...

#.........M...
##..........#
#.......!...# ........M.#
.##..#.#?.# .# # #.#.## .#
# ##..#.#.# #.#.#
#...#.#.###.#.#
#.......M@....###.
#................
................# ####
............#.########...#
.........................#
#........................#
#...............##..##...#
.............######.......
.........................


You could see Menkaure.

Vanquished Creatures
  Grinder (D:3)
  A wraith (Ossuary)
  A necrophage (D:7)
  3 centaurs
  3 ogres
  3 giant frogs
  A scorpion (D:6)
  A crimson imp (D:6)
  A giant frog zombie (D:5)
  2 jellies
  A giant frog skeleton (D:3)
  A hound (D:6)
  2 iguanas
  2 worker ants
  A mummy (Ossuary)
  6 adders
  A shadow imp (D:6)
  2 oozes
  2 adder skeletons (D:4)
  2 dart slugs
  A worm (D:4)
  2 giant geckos
  10 orcs
  A ball python (D:2)
  3 giant cockroaches
  4 goblins
  13 hobgoblins
  9 jackals
  14 kobolds
  5 quokkas
  9 bats
  A giant gecko zombie (D:6)
  7 giant newts
  2 gnoll skeletons (Ossuary)
  6 kobold skeletons (Ossuary)
  17 orc skeletons (Ossuary)
  A quokka skeleton (D:4)
  7 rats
149 creatures vanquished.

Notes
Turn   | Place    | Note
--------------------------------------------------------------
     0 | D:1      | matakusis the Vampire Enchanter began the quest for the Orb.
     0 | D:1      | Reached XP level 1. HP: 13/13 MP: 3/3
   252 | D:1      | Reached skill level 5 in Stealth
   252 | D:1      | Reached XP level 2. HP: 19/19 MP: 3/5
  1059 | D:2      | Reached XP level 3. HP: 24/24 MP: 6/6
  1072 | D:2      | Reached skill level 6 in Stealth
  1178 | D:2      | Learned a level 3 spell: Confuse
  1460 | D:2      | Found a shadowy altar of Dithmenos.
  1469 | D:2      | Reached XP level 4. HP: 28/30 MP: 2/7
  1480 | D:2      | Became a worshipper of Dithmenos the Shadowed
  1606 | D:2      | Reached skill level 5 in Hexes
  1803 | D:2      | Gained mutation: Your muscles are strong. (Str +2) [potion of mutation]
  1803 | D:2      | Gained mutation: Your flesh is cold resistant. [potion of mutation]
  1803 | D:2      | Gained mutation: Your muscles are very strong. (Str +4) [potion of mutation]
  1839 | D:3      | Learned a level 3 spell: Tukima's Dance
  1963 | D:3      | Found an opulent altar of Gozag.
  1980 | D:3      | Reached skill level 7 in Stealth
  2275 | D:3      | Reached * piety under Dithmenos
  2371 | D:3      | Found a white marble altar of Elyvilon.
  2375 | D:3      | Noticed Grinder
  2381 | D:3      | Killed Grinder
  2381 | D:3      | Reached skill level 8 in Stealth
  2381 | D:3      | Reached XP level 5. HP: 35/35 MP: 1/9
  2381 | D:3      | Reached XP level 6. HP: 41/41 MP: 1/10
  2673 | D:2      | Found an iron altar of Okawaru.
  2794 | D:4      | Found a sand-covered staircase.
  2801 | D:4      | Reached skill level 9 in Stealth
  2810 | Ossuary  | Entered an ossuary
  2810 | Ossuary  | Noticed a wraith
  2810 | Ossuary  | Noticed a wraith
  2810 | Ossuary  | Noticed a wraith
  3417 | Ossuary  | Reached ** piety under Dithmenos
  3423 | Ossuary  | Learned a level 3 spell: Dazzling Spray
  3456 | Ossuary  | Noticed a wraith
  3478 | Ossuary  | Killed a wraith
  3478 | Ossuary  | Reached XP level 7. HP: 43/46 MP: 8/12
  4057 | D:4      | Reached skill level 10 in Stealth
  4211 | D:5      | Entered Level 5 of the Dungeon
  4625 | D:5      | Reached skill level 11 in Stealth
  5005 | D:6      | Reached XP level 8. HP: 52/52 MP: 10/14
  5048 | D:6      | Found a staircase to the Ecumenical Temple.
  5057 | Temple   | Entered the Ecumenical Temple
  5497 | D:6      | Found a shattered altar of Ashenzari.
  5561 | D:6      | Found Yblauf's Gadget Boutique.
  5570 | D:6      | Got a bound turquoise ring
  5571 | D:6      | Identified the ring of Altruism {*Contam rPois Str+6 Stlth+} (You found it on level 6 of the Dungeon)
  5854 | D:6      | Reached skill level 12 in Stealth
  5898 | D:6      | Gained mutation: You occasionally shout uncontrollably at your foes. [potion of mutation]
  5898 | D:6      | Gained mutation: You are partially covered in large bone plates (AC +2, SH +2). [potion of mutation]
  5898 | D:6      | Gained mutation: You are frail (-10% HP). [potion of mutation]
  6114 | D:6      | Gained mutation: Your spells are a little harder to cast, but a little more powerful. [potion of beneficial mutation]
  6193 | D:7      | Reached *** piety under Dithmenos
  6240 | D:7      | Noticed Menkaure
  6257 | D:7      | Slain by Menkaure

Skill      XL: |  1  2  3  4  5  6  7  8 |
---------------+-------------------------+-----
Stealth        | 5 6 8 9 11 12 | 12.8
Hexes          | 5 6 7 |  7.5
Spellcasting   | 3 4 |  4.8
Dodging        | 3 |  3.8
Short Blades   | 2 |  2.4

Action                   |  1- 3 |  4- 6 |  7- 9 || total
-------------------------+-------+-------+-------++-------
Melee: Dagger            |   102 |   144 |    97 ||   343
       Bite              |    11 |    13 |    11 ||    35
 Cast: Corona            |    16 |       |       ||    16
       Confuse           |     5 |    23 |    29 ||    57
  Use: Potion            |     9 |     6 |     3 ||    18
       Scroll            |       |     7 |    13 ||    20
 Stab: Sleeping          |    19 |    16 |    23 ||    58
       Confused          |     3 |     5 |    12 ||    20
       Distracted        |       |       |     1 ||     1
  Eat: Corpse            |       |       |     1 ||     1
Armor: Robe              |    23 |    36 |    13 ||    72
Dodge: Dodged            |    74 |    98 |    36 ||   208
Block: Other             |       |    14 |     8 ||    22
